[ AOE2 MATCH · #478627018 ]
UnrankedFranks vs Aztecs
[ REPLAY ANALYSIS · EXTRACTED FROM THE RECORDED GAME ]
Feudal
—
Castle
—
Imperial
—
| APM avg | 18.0 |
| APM peak | 35 |
| eAPM avg | 6.3 |
| Villagers / military | 5 / 0 |
Focus
⚔️ 28.6% · 🌾 71.4%
Feudal
—
Castle
—
Imperial
—
| APM avg | 14.6 |
| APM peak | 27 |
| eAPM avg | 5.7 |
| Villagers / military | 7 / 0 |
Focus
⚔️ 0.0% · 🌾 100.0%
Feudal
—
Castle
—
Imperial
—
| APM avg | 15.3 |
| APM peak | 36 |
| eAPM avg | 5.5 |
| Villagers / military | 7 / 0 |
Focus
⚔️ 0.0% · 🌾 100.0%
Feudal
—
Castle
—
Imperial
—
| APM avg | 40.2 |
| APM peak | 57 |
| eAPM avg | 15.6 |
| Villagers / military | 15 / 0 |
Focus
⚔️ 22.2% · 🌾 77.8%
Feudal
—
Castle
—
Imperial
—
| APM avg | 17.4 |
| APM peak | 33 |
| eAPM avg | 5.5 |
| Villagers / military | 4 / 0 |
Focus
⚔️ 55.6% · 🌾 44.4%
Feudal
—
Castle
—
Imperial
—
| APM avg | 21.6 |
| APM peak | 47 |
| eAPM avg | 9.3 |
| Villagers / military | 10 / 0 |
Focus
⚔️ 36.6% · 🌾 63.4%
Feudal
—
Castle
—
Imperial
—
| APM avg | 38.2 |
| APM peak | 96 |
| eAPM avg | 8.0 |
| Villagers / military | 12 / 0 |
Focus
⚔️ 12.9% · 🌾 87.1%
Feudal
—
Castle
—
Imperial
—
| APM avg | 33.5 |
| APM peak | 53 |
| eAPM avg | 11.2 |
| Villagers / military | 13 / 0 |
Focus
⚔️ 17.4% · 🌾 82.6%
Match map
Initial resources + every placement click. Lines = walls · curves = elevation contours. ◆ gold · ⬟ stone · ● berries · ✦ relic · ◌ wall gap
Your base
Sudden_Death_'s base
DEMONSLAYER's base
ShaggyJeff's base
Systemd0wn's base
The Chancellor's base
Bzm_JöNTüRK's base
Hornet-Wing's base
Smoothed initial terrain · ◌ = detected wall gap · hover for details
Inputs per minute
— Odesseiron - - Sudden_Death_
Build order — Odesseiron
9 actions detected in the replay
| 0:42 | Build | Town Center |
| 2:18 | Build | House |
| 2:44 | Create | Villager (Male) |
| 2:45 | Create | Villager (Male) |
| 2:45 | Create | Villager (Male) |
| 2:45 | Create | Villager (Male) |
| 4:11 | Build | Palisade Wall |
| 4:14 | Build | Palisade Wall |
| 4:44 | Create | Villager (Male) |
Build order — Sudden_Death_
9 actions detected in the replay
| 0:15 | Build | Town Center |
| 0:19 | Build | House |
| 2:40 | Create | Villager (Male) ×4 |
| 3:55 | Build | Mill |
| 4:10 | Research | Loom |
| 4:35 | Build | House |
| 5:03 | Create | Villager (Male) |
| 5:27 | Create | Villager (Male) |
| 5:53 | Create | Villager (Male) |
Build order — DEMONSLAYER
10 actions detected in the replay
| 0:35 | Build | Town Center |
| 3:04 | Create | Villager (Male) |
| 3:04 | Create | Villager (Male) |
| 3:04 | Create | Villager (Male) |
| 3:05 | Create | Villager (Male) |
| 3:05 | Create | Villager (Male) |
| 3:08 | Build | House |
| 3:17 | Build | House |
| 4:03 | Create | Villager (Male) |
| 4:40 | Create | Villager (Male) |
Build order — ShaggyJeff
20 actions detected in the replay
| 0:35 | Build | House |
| 0:46 | Build | Town Center |
| 2:48 | Create | Villager (Male) |
| 2:49 | Create | Villager (Male) |
| 2:49 | Create | Villager (Male) |
| 2:49 | Create | Villager (Male) |
| 2:49 | Create | Villager (Male) |
| 3:12 | Research | Loom |
| 3:12 | Research | Loom |
| 3:13 | Create | Villager (Male) |
| 3:13 | Create | Villager (Male) |
| 3:13 | Create | Villager (Male) |
| 3:14 | Create | Villager (Male) |
| 4:09 | Create | Villager (Male) |
| 4:09 | Create | Villager (Male) |
| 4:39 | Build | House |
| 4:48 | Create | Villager (Male) |
| 4:49 | Create | Villager (Male) |
| 5:25 | Create | Villager (Male) |
| 5:26 | Create | Villager (Male) |
Build order — Systemd0wn
18 actions detected in the replay
| 0:19 | Build | Town Center |
| 2:39 | Create | Villager (Male) |
| 2:39 | Create | Villager (Male) |
| 2:40 | Create | Villager (Male) |
| 2:40 | Create | Villager (Male) |
| 2:42 | Build | House |
| 4:04 | Build | Palisade Wall |
| 4:07 | Build | Palisade Wall |
| 4:08 | Build | Palisade Wall |
| 4:10 | Build | Palisade Wall |
| 4:29 | Research | Loom |
| 5:19 | Build | Palisade Wall |
| 5:22 | Build | Palisade Wall |
| 5:52 | Build | Palisade Wall |
| 5:54 | Build | Palisade Wall |
| 5:56 | Build | Palisade Wall |
| 5:58 | Build | Palisade Wall |
| 6:02 | Build | Palisade Wall |
Build order — The Chancellor
16 actions detected in the replay
| 0:03 | Build | Town Center |
| 0:06 | Build | House |
| 2:36 | Create | Villager (Male) |
| 2:36 | Create | Villager (Male) |
| 2:36 | Create | Villager (Male) |
| 2:37 | Create | Villager (Male) |
| 2:57 | Build | Palisade Wall |
| 3:53 | Create | Villager (Male) |
| 4:42 | Create | Villager (Male) |
| 4:42 | Create | Villager (Male) |
| 4:45 | Build | House |
| 5:10 | Create | Villager (Male) |
| 5:11 | Create | Villager (Male) |
| 5:23 | Build | House |
| 5:37 | Build | Mill |
| 5:37 | Create | Villager (Male) |
Build order — Bzm_JöNTüRK
15 actions detected in the replay
| 0:30 | Build | Town Center |
| 2:08 | Build | House |
| 2:53 | Create | Villager (Male) |
| 2:54 | Create | Villager (Male) |
| 2:54 | Create | Villager (Male) |
| 2:54 | Create | Villager (Male) |
| 2:54 | Create | Villager (Male) |
| 2:54 | Create | Villager (Male) |
| 3:56 | Create | Villager (Male) |
| 4:19 | Create | Villager (Male) |
| 4:19 | Create | Villager (Male) |
| 4:19 | Create | Villager (Male) |
| 4:48 | Research | Loom |
| 4:55 | Create | Villager (Male) |
| 4:56 | Create | Villager (Male) |
Build order — Hornet-Wing
20 actions detected in the replay
| 0:08 | Build | Town Center |
| 2:05 | Build | House |
| 2:16 | Create | Villager (Male) |
| 2:16 | Create | Villager (Male) |
| 2:16 | Create | Villager (Male) |
| 2:17 | Create | Villager (Male) |
| 2:55 | Build | House |
| 3:01 | Build | House |
| 3:09 | Build | House |
| 3:16 | Create | Villager (Male) |
| 3:26 | Build | House |
| 4:16 | Create | Villager (Male) |
| 4:21 | Build | House |
| 4:41 | Create | Villager (Male) |
| 4:42 | Create | Villager (Male) |
| 5:02 | Create | Villager (Male) |
| 5:37 | Create | Villager (Male) |
| 5:38 | Create | Villager (Male) |
| 5:38 | Create | Villager (Male) |
| 5:58 | Create | Villager (Male) |
Match timeline
| 2:57 | The Chancellor · wall_segment Palisade Wall x1 |
| 4:04 | Systemd0wn · wall_segment Palisade Wall x6 |
| 4:07 | Systemd0wn · wall_segment Palisade Wall x5 |
| 4:08 | Systemd0wn · wall_segment Palisade Wall x6 |
| 4:10 | Systemd0wn · wall_segment Palisade Wall x5 |
| 4:11 | Odesseiron · wall_segment Palisade Wall x1 |
| 4:14 | Odesseiron · wall_segment Palisade Wall x1 |
| 5:00 | DEMONSLAYER · resign |
| 5:19 | Systemd0wn · wall_segment Palisade Wall x2 |
| 5:22 | Systemd0wn · wall_segment Palisade Wall x3 |
| 5:52 | Systemd0wn · wall_segment Palisade Wall x5 |
| 5:54 | Systemd0wn · wall_segment Palisade Wall x6 |
| 5:56 | Systemd0wn · wall_segment Palisade Wall x6 |
| 5:58 | Systemd0wn · wall_segment Palisade Wall x6 |
| 6:02 | Systemd0wn · wall_segment Palisade Wall x1 |
[ AI ANALYSIS · 1 CREDIT ]
What really happened in this match?
Wolo.gg analyzes every decision: build order, eco, micro, common mistakes by bracket. Personalized analysis on WhatsApp or Discord in 30 seconds.
Civ guide
Franks
Perfil
Jugador #1887929